 Dungeon Crawl Stone Soup version 0.29-a0-321-gf1c400731a (webtiles) character file.

Game seed: 14459502716459848900

114248 Ajdolov the Sharpshooter (level 17, 0/115 HPs)
             Began as a Formicid Hunter on Apr 3, 2022.
             Was a High Priest of Hepliaklqana.
             Succumbed to a naga sharpshooter's splash of poison
             ... on level 3 of the Snake Pit.
             The game lasted 01:37:15 (30861 turns).

Ajdolov the Sharpshooter (Formicid Hunter)         Turns: 30861, Time: 01:37:15

Health: 0/115      AC: 16    Str: 18    XL:     17   Next: 20%
Magic:  9/24       EV: 18    Int:  9    God:    Hepliaklqana [*****.]
Gold:   2011       SH: 16    Dex: 20    Spells: 16/16 levels left

rFire   . . .      SeeInvis +   y - +1 arbalest (flame)
rCold   + . .      Faith    .   Y - +1 kite shield {reflect}
rNeg    . . .      Spirit   .   C - +3 leather armour {rC+}
rPois   .          Reflect  +   (helmet unavailable)
rElec   .          Harm     .   v - +0 cloak
rCorr   .          Rampage  .   P - +2 pair of gloves
Will    ++...                   N - +2 pair of boots
Stlth   ++++......              V - amulet of regeneration
HPRegen 1.09/turn               k - +4 ring of slaying
MPRegen 0.19/turn               l - ring of willpower

@: lethally poisoned (0 -> -2)
A: reduced essence, permanent stasis, dig shafts and tunnels, antennae 3, four
strong arms
a: Dig, Shaft Self, Renounce Religion, Recall Ancestor, Ancestor Identity,
Transference, Idealise


You were on level 3 of the Snake Pit.
You worshipped Hepliaklqana.
Hepliaklqana was extremely pleased with you.
You visited 5 branches of the dungeon, and saw 27 of its levels.
You also visited: Gauntlet.

You collected 2851 gold pieces.
You spent 840 gold pieces at shops.

Inventory:

Hand Weapons
 y - a +1 arbalest of flaming (weapon)
Missiles
 g - 10 curare-tipped darts
 h - 4 throwing nets
Armour
 v - a +0 cloak (worn)
 C - a +3 leather armour of cold resistance (worn)
 N - a +2 pair of boots (worn)
 P - a +2 pair of gloves (worn)
 Y - a +1 kite shield of reflection (worn)
Jewellery
 k - a +4 ring of slaying (left hand)
 l - a ring of willpower (right hand)
 V - an amulet of regeneration (around neck)
Wands
 m - a wand of mindburst (28)
 n - a wand of flame (59)
 A - a wand of charming (9)
 I - a wand of paralysis (12)
 K - a wand of digging (22)
 L - a wand of acid (5)
 M - a wand of iceblast (36)
 O - a wand of polymorph (12)
Scrolls
 b - a scroll of holy word
 c - 6 scrolls of immolation
 e - 4 scrolls of summoning
 f - 4 scrolls of enchant armour
 i - 5 scrolls of fear
 r - 6 scrolls of amnesia
 t - a scroll of fog
 F - 2 scrolls of enchant weapon
 R - a scroll of silence
Potions
 d - 2 potions of magic
 o - 2 potions of invisibility
 s - 2 potions of lignification
 u - 11 potions of curing
 w - 3 potions of might
 x - 4 potions of flight
 z - 8 potions of mutation
 B - 4 potions of ambrosia
 D - 2 potions of cancellation
 Q - 3 potions of brilliance
 S - a potion of resistance
 T - 3 potions of heal wounds
 U - 2 potions of attraction


   Skills:
 - Level 10.0 Fighting
 - Level 16.0 Crossbows
 + Level 14.1 Armour
 - Level 10.0 Dodging
 - Level 10.0 Stealth
 * Level 15.7 Shields
 - Level 10.0 Invocations


You had 16 spell levels left.
You didn't know any spells.
Your spell library contained the following spells:

 Spells                   Type           Power      Damage    Failure   Level
 Animate Skeleton         Necr           0%         N/A       56%         1
 Foxfire                  Conj/Fire      0%         2x1d4     56%         1
 Pain                     Necr           0%         1d4       56%         1
 Summon Small Mammal      Summ           0%         N/A       56%         1
 Corpse Rot               Necr/Air       0%         N/A       71%         2
 Static Discharge         Conj/Air       0%         N/A       71%         2
 Sublimation of Blood     Necr           0%         N/A       71%         2
 Call Canine Familiar     Summ           0%         N/A       90%         3
 Confusing Touch          Hex            0%         N/A       90%         3
 Conjure Flame            Conj/Fire      0%         6-21      90%         3
 Ignite Poison            Fire/Tmut/Pois 0%         N/A       90%         3
 Inner Flame              Hex/Fire       0%         N/A       90%         3
 Summon Guardian Golem    Hex/Summ       0%         N/A       90%         3
 Tukima's Dance           Hex            0%         N/A       90%         3
 Vampiric Draining        Necr           0%         2d6       90%         3
 Anguish                  Hex/Necr       0%         N/A       100%        4
 Dispel Undead            Necr           0%         3d6       100%        4
 Flame Wave               Conj/Fire      0%         2d4       100%        4
 Fulminant Prism          Conj/Hex       0%         3d6       100%        4
 Hailstorm                Conj/Ice       0%         3d3       100%        4
 Ice Form                 Ice/Tmut       0%         N/A       100%        4
 Iskenderun's Mystic Bla  Conj/Tloc      0%         2d3       100%        4
 Leda's Liquefaction      Hex/Erth       0%         N/A       100%        4
 Passage of Golubria      Tloc           0%         N/A       100%        4
 Petrify                  Tmut/Erth      0%         N/A       100%        4
 Sticky Flame             Conj/Fire      0%         2d3       100%        4
 Irradiate                Conj/Tmut      0%         3d13      100%        5
 Lee's Rapid Deconstruct  Erth           0%         3d5*      100%        5
 Metabolic Englaciation   Hex/Ice        0%         N/A       100%        5
 Summon Forest            Summ/Tloc      0%         N/A       100%        5
 Summon Mana Viper        Hex/Summ       0%         N/A       100%        5
 Yara's Violent Unravell  Hex/Tmut       0%         3d3       100%        5
 Death Channel            Necr           0%         N/A       100%        6
 Eringya's Noxious Bog    Tmut/Pois      0%         N/A       100%        6
 Simulacrum               Ice/Necr       0%         N/A       100%        6
 Orb of Destruction       Conj           0%         9d5       100%        7
 Spellforged Servitor     Conj/Summ      0%         N/A       100%        7
 Summon Hydra             Summ           0%         N/A       100%        7
 Necromutation            Tmut/Necr      0%         N/A       100%        8
 Chain Lightning          Conj/Air       0%         N/A       100%        9
 Fire Storm               Conj/Fire      0%         5d1       100%        9
 Shatter                  Erth           0%         3d5*      100%        9


Dungeon Overview and Level Annotations

Branches:
Dungeon (15/15)            Temple (1/1) D:6            Lair (6/6) D:11
 Shoals (0/4) Lair:3        Snake (2/4) Lair:4        Slime (0/5) Lair:6
    Orc (2/2) D:11            Elf (0/3) Orc:2        Vaults (0/5) D:14
 Depths (0/4) D:15        Gauntlet (visited)

Altars:
Ashenzari
Cheibriados
Dithmenos
Elyvilon
Fedhas
Gozag
Hepliaklqana
Kikubaaqudgha
Makhleb
Nemelex Xobeh
Okawaru
Qazlal
Ru
Sif Muna
Trog
Uskayaw
Vehumet
Wu Jian
Xom
Yredelemnul
Zin
The Shining One
Beogh

Shops:
D:3 [   D:10 =   D:11 *   Orc:2 ((?[

Portals:
Abyss: Snake:1
Trove: D:12 (give 16 potions of curing)

Annotations:
D:11 exclusion: downstairs
Lair:5 1 runed translucent door
Lair:6 Rupert
Snake:1 2 transporters, Purues's ghost, journeyman MiFi
Snake:2 Donald; Nikola; Vashnia


Innate Abilities, Weirdness & Mutations

Your life essence is reduced to manifest your ancestor. (-10% HP)
You cannot be hasted, slowed, berserked, paralysed or teleported.
You can dig through walls and to a lower floor.
You have a pair of large antennae on your head. (SInv)
Your four strong arms can wield two-handed weapons with a shield.


Message History

The bolt of lightning hits the black mamba!!!
The black mamba dies!
The bolt of lightning hits the dire elephant!!
The bolt of lightning hits the naga sharpshooter!!
The bolt of lightning hits the deep elf knight!!!
The bolt of lightning hits the salamander!!!
The bolt of lightning hits Vashnia!!!
The bolt of lightning hits you!!
* * * LOW HITPOINT WARNING * * *
The bolt of lightning hits the naga!!
The naga dies!
Unknown command.
Are you sure you want to shaft yourself?
You feel very sick.
The salamander no longer looks unusually strong.
Vashnia casts a spell at you.
The naga sharpshooter blinks!
The salamander blinks!
The naga sharpshooter shoots a bolt.
You reflect the bolt off your +1 kite shield of reflection!
The bolt barely misses the naga sharpshooter.
Nikola gestures wildly while chanting.
Lightning arcs from Nikola's hands!
The bolt of lightning hits the dire elephant!!!!
The bolt of lightning hits Nikola!
The bolt of lightning hits Donald!!
The bolt of lightning hits the deep elf knight!!
The deep elf knight dies!
The bolt of lightning hits Vashnia!!!
The bolt of lightning hits you!!
* * * LOW HITPOINT WARNING * * *
You begin to dig a shaft.
You continue digging a shaft.
The sentinel's mark upon you fades away.
* * * LOW HITPOINT WARNING * * *
You feel sick. You block Donald's attack.
Vashnia casts a spell.
Vashnia blinks!
The naga sharpshooter shoots a bolt.
You reflect the bolt off your +1 kite shield of reflection!
The bolt hits the naga sharpshooter!
Donald completely misses you. Nikola raves, "Can you feel it? Can you feel it?
CAN YOU FEEL IT?"
A shaft appears beneath you!
You fall into a shaft and drop 1 floor!
The shaft crumbles and collapses.
You die...

../.........#..
...............
...............
....<..........
...............
...............
...............
.......@.......
...............
...............
...............
...............
...............
...............
...............


There were no monsters in sight!

Vanquished Creatures
  Frances (Snake:1)
  A nagaraja (Snake:1)
  An orc warlord (Orc:1)
  Nessos (Lair:4)
  Azrael (D:12)
  A minotaur (Gauntlet)
  Snorg (Lair:6)
  A naga warrior (Snake:1)
  2 boulder beetles
  Erolcha (D:12)
  2 vault guards (D:14)
  4 hydras
  An anaconda (Snake:1)
  2 centaur warriors (D:14)
  7 two-headed ogres
  6 death yaks
  A naga sharpshooter (Snake:1)
  2 shock serpents (Snake:1)
  Urug (Lair:6)
  3 orc high priests (Orc:2)
  Sonja (Lair:4)
  A fire crab (shapeshifter) (D:13)
  2 skeletal warriors (D:13)
  A wizard (D:14)
  2 necromancers
  2 orc knights
  A lindwurm (Lair:6)
  2 salamanders (Snake:2)
  4 ugly things
  A cyclops (D:11)
  A merfolk siren (Lair:3)
  Maurice (Orc:2)
  12 black mambas
  7 elephants
  A torpor snail (Lair:6)
  An orange demon (Lair:3)
  2 naga magi (Snake:1)
  9 cane toads
  3 gargoyles
  An efreet (D:13)
  A rime drake (Lair:3)
  5 komodo dragons
  A kobold demonologist (D:11)
  A tengu conjurer (D:13)
  A troll (D:14)
  2 polar bears
  Prince Ribbit (Lair:2)
  A hornet (shapeshifter) (D:14)
  2 slime creatures (D:15)
  Grinder (D:6)
  19 blink frogs
  18 dream sheep
  2 shadows
  Sigmund (D:3)
  2 wraiths
  19 yaks
  A fire elemental (D:12)
  2 wyverns
  3 basilisks
  10 humans (D:14)
  A redback simulacrum (D:15)
  8 vampire mosquitoes
  A warg (Orc:2)
  Menkaure (D:7)
  An acid dragon (D:13)
  5 nagas
  20 water moccasins
  2 hell hounds (D:12)
  A meliai simulacrum (D:15)
  23 orc warriors
  Duvessa (D:5)
  An ice beast (D:8)
  2 black bears
  18 wolves
  An ogre (D:5)
  12 centaurs
  2 phantoms (D:11)
  Blork the orc (D:6)
  A kobold brigand (D:11)
  12 bullfrogs
  2 gnoll sergeants
  4 scorpions
  Dowan (D:5)
  A killer bee (D:9)
  7 howler monkeys
  2 electric eels (Lair:2)
  A hound (D:6)
  A gnoll shaman (Lair:3)
  13 orc priests
  Crazy Yiuf (D:3)
  5 jellies
  Jessica (D:3)
  Ijyb (D:5)
  3 iguanas
  18 orc wizards
  4 hell rats
  3 ogre zombies (D:11)
  Robin (D:3)
  4 gnolls
  6 adders
  An ufetubus (D:5)
  5 worms
  2 dart slugs
  60 orcs
  11 endoplasms
  3 giant cockroaches
  14 goblins
  8 hobgoblins
  7 jackals
  16 kobolds
  6 quokkas
  7 ball pythons
  2 bats (D:1)
  3 frilled lizards
  2 goblin skeletons (D:11)
  2 goblin zombies (D:11)
  5 hobgoblin zombies (D:11)
  2 orc skeletons (D:11)
  6 orc zombies (D:11)
  A rat (D:2)
544 creatures vanquished.

Vanquished Creatures (collateral kills)
  An orc warlord (Orc:2)
  A fire giant (D:15)
  2 naga warriors
  2 hydras (Lair:6)
  A boulder beetle (D:13)
  A two-headed ogre (D:14)
  A catoblepas (Lair:6)
  An anaconda (Snake:2)
  A deep troll shaman (Lair:6)
  A centaur warrior (D:15)
  An orc high priest (Orc:2)
  8 death yaks
  Amaemon (Lair:3)
  A skeletal warrior (D:13)
  A salamander mystic (Snake:2)
  An orc knight (Orc:2)
  A wizard (D:14)
  A deep elf pyromancer (D:14)
  A necromancer (D:14)
  5 ugly things
  An orc sorcerer (Orc:2)
  A manticore (D:11)
  5 elephants
  2 cyclopes (D:12)
  6 black mambas
  Joseph (D:7)
  A naga mage (Snake:1)
  An apocalypse crab (Gauntlet)
  Maggie (D:7)
  4 cane toads
  Psyche (D:12)
  2 komodo dragons
  3 trolls
  A queen bee (Gauntlet)
  2 polar bears (Lair:6)
  A meliai (shapeshifter) (D:15)
  6 blink frogs
  2 slime creatures (D:15)
  13 dream sheep
  A shadow (D:10)
  20 yaks
  A wyvern (Lair:5)
  A wraith (D:12)
  9 humans (D:14)
  A basilisk (D:15)
  A vampire mosquito (D:15)
  A warg (D:15)
  2 nagas (Snake:1)
  5 water moccasins
  4 hell hounds (D:12)
  19 orc warriors
  A sky beast (D:8)
  6 wolves
  A centaur (D:14)
  A phantom (D:6)
  5 bullfrogs
  A necrophage (D:6)
  A gnoll sergeant (D:9)
  2 troll zombies (D:11)
  9 killer bees
  3 howler monkeys
  A hound (D:6)
  2 jellies
  A gnoll shaman (D:8)
  4 orc priests
  An iguana (Orc:1)
  3 orc wizards (Orc:2)
  An ogre zombie (D:11)
  An adder (D:5)
  4 gnolls
  A shadow imp (D:8)
  A worm (D:4)
  19 orcs
  A goblin zombie (D:11)
  An orc skeleton (D:11)
223 creatures vanquished.

Vanquished Creatures (others)
  A deep elf knight (Snake:2)
  A salamander (Snake:2)
  A black mamba (Snake:2)
  A naga (Snake:2)
  14 knights
  An ancestor (D:5)
  A bush (Lair:6)
  40 fungi
  61 plants
121 creatures vanquished.

Grand Total: 888 creatures vanquished

Notes
Turn   | Place    | Note
-------+----------+-------------------------------------------
     0 | D:1      | Ajdolov the Formicid Hunter began the quest for the Orb.
     0 | D:1      | Reached XP level 1. HP: 16/16 MP: 1/1
    21 | D:1      | Found a faded altar of an unknown god.
    96 | D:1      | Reached XP level 2. HP: 22/22 MP: 2/2
   602 | D:1      | Reached XP level 3. HP: 22/27 MP: 3/3
  1298 | D:2      | Reached skill level 5 in Crossbows
  1298 | D:2      | Reached XP level 4. HP: 33/33 MP: 4/4
  1828 | D:3      | Noticed Sigmund
  1839 | D:3      | Killed Sigmund
  1840 | D:3      | Reached skill level 6 in Crossbows
  1840 | D:3      | Reached XP level 5. HP: 38/38 MP: 5/5
  1840 | D:3      | Reached XP level 6. HP: 44/44 MP: 6/6
  2252 | D:3      | Noticed Jessica
  2254 | D:3      | Killed Jessica
  2281 | D:3      | Found Yddaid's Antique Armour Shoppe.
  2567 | D:3      | You fall into a shaft and drop 3 floors!
  2567 | D:6      | Found a staircase to the Ecumenical Temple.
  2599 | Temple   | Entered the Ecumenical Temple
  2987 | Temple   | Became a worshipper of Hepliaklqana the Forgotten
  3041 | D:5      | Entered Level 5 of the Dungeon
  3058 | D:5      | Reached XP level 7. HP: 50/50 MP: 7/7
  3112 | D:3      | Reached skill level 5 in Stealth
  3174 | D:3      | Noticed Robin
  3178 | D:3      | Killed Robin
  3283 | D:3      | Found a runed translucent door.
  3284 | D:3      | Noticed Crazy Yiuf
  3590 | D:3      | Killed Crazy Yiuf
  3760 | D:4      | Reached skill level 7 in Crossbows
  4083 | D:4      | Reached * piety under Hepliaklqana
  4606 | D:4      | Found a basalt altar of Yredelemnul.
  4847 | D:5      | Reached XP level 8. HP: 50/50 MP: 8/8
  4889 | D:5      | Reached skill level 8 in Crossbows
  5128 | D:5      | Noticed Duvessa
  5129 | D:5      | Noticed Dowan
  5141 | D:5      | Killed Duvessa
  5142 | D:5      | Killed Dowan
  5181 | D:5      | Reached skill level 9 in Crossbows
  5205 | D:5      | Noticed Ijyb
  5214 | D:5      | Killed Ijyb
  5743 | D:6      | Reached ** piety under Hepliaklqana
  5744 | D:6      | Remembered your ancestor Servia as a knight
  5847 | D:6      | Reached XP level 9. HP: 54/54 MP: 9/9
  5940 | D:6      | Noticed Grinder
  5954 | D:6      | Killed Grinder
  5978 | D:6      | Reached skill level 10 in Crossbows
  6066 | D:6      | Noticed Blork the orc
  6078 | D:6      | Killed Blork the orc
  6476 | D:6      | Noticed a gargoyle
  6488 | D:6      | Killed a gargoyle
  6489 | D:6      | Reached skill level 10 in Stealth
  6594 | D:7      | Noticed Joseph
  6606 | D:7      | Killed Joseph
  6607 | D:7      | Reached skill level 5 in Fighting
  6920 | D:7      | Noticed Maggie
  6931 | D:7      | Killed Maggie
  6932 | D:7      | Reached XP level 10. HP: 68/68 MP: 10/10
  7072 | D:7      | Identified the +1 chain mail "Tiloell" {-Cast rPois Regen+
                  | rCorr}
  7144 | D:7      | Noticed Menkaure
  7151 | D:7      | Killed Menkaure
  7152 | D:7      | Reached skill level 1 in Armour
  7722 | D:7      | Identified the +0 pair of boots "Jafionuz" {Int+3 Stlth+}
  8536 | D:8      | Noticed a two-headed ogre
  8552 | D:8      | Killed a two-headed ogre
  8553 | D:8      | Reached skill level 5 in Armour
  8621 | D:8      | Identified the +3 hunting sling of War {venom, Fly SInv}
  8682 | D:8      | Noticed a two-headed ogre
  8688 | D:8      | Killed a two-headed ogre
  8689 | D:8      | Reached XP level 11. HP: 60/80 MP: 11/11
  8699 | D:8      | Noticed a two-headed ogre
  8727 | D:8      | Killed a two-headed ogre
  9127 | D:8      | Reached *** piety under Hepliaklqana
  9746 | D:8      | Found a glowing golden altar of the Shining One.
 10151 | D:9      | Reached **** piety under Hepliaklqana
 10603 | D:10     | Entered Level 10 of the Dungeon
 10607 | D:10     | Noticed a two-headed ogre
 10616 | D:10     | Killed a two-headed ogre
 10617 | D:10     | Reached skill level 10 in Fighting
 10751 | D:10     | Reached skill level 10 in Armour
 10977 | D:10     | Found Feniqehe's Jewellery Boutique.
 11134 | D:10     | Reached ***** piety under Hepliaklqana
 11661 | D:11     | Noticed a manticore
 11661 | D:11     | Noticed a boulder beetle
 11691 | D:11     | Noticed a cyclops
 11821 | D:11     | Found a staircase to the Orcish Mines.
 11928 | D:11     | Found a staircase to the Lair.
 12043 | D:11     | Noticed a two-headed ogre
 12043 | D:11     | Noticed a two-headed ogre
 12055 | D:11     | Killed a two-headed ogre
 12056 | D:11     | Reached skill level 11 in Crossbows
 12071 | D:11     | Killed a two-headed ogre
 12072 | D:11     | Reached XP level 12. HP: 87/87 MP: 12/12
 12538 | D:11     | Reached skill level 12 in Crossbows
 12620 | D:11     | Found Wanlapn's Island Escapes.
 12683 | D:11     | Killed a boulder beetle
 13111 | Lair:1   | Entered Level 1 of the Lair of Beasts
 13140 | Lair:1   | Reached skill level 13 in Crossbows
 13400 | Lair:1   | Reached skill level 1 in Invocations
 14378 | Lair:2   | Reached skill level 14 in Crossbows
 14429 | Lair:2   | Noticed Prince Ribbit
 14458 | Lair:2   | Killed Prince Ribbit
 14486 | Lair:2   | Reached XP level 13. HP: 92/92 MP: 16/16
 14496 | Lair:2   | Reached skill level 5 in Invocations
 15222 | Lair:2   | Reached skill level 15 in Crossbows
 15774 | Lair:3   | Found a staircase to the Shoals.
 16012 | Lair:3   | Reached ****** piety under Hepliaklqana
 16091 | Lair:3   | Noticed Amaemon
 16104 | Lair:3   | Killed Amaemon
 16126 | Lair:3   | Identified the +6 flail "Coizor" {protect, rC- Dex+8}
 16291 | Lair:4   | Noticed Nessos
 16308 | Lair:4   | Killed Nessos
 16309 | Lair:4   | Reached skill level 16 in Crossbows
 16521 | Lair:4   | Got the Papyrus of Dark Secrets
 16633 | Lair:4   | Found a staircase to the Snake Pit.
 16762 | Lair:4   | Noticed Sonja
 16770 | Lair:4   | Reached skill level 10 in Invocations
 16784 | Lair:4   | Killed Sonja
 16785 | Lair:4   | Reached XP level 14. HP: 99/99 MP: 21/21
 17579 | Lair:5   | Found a white marble altar of Elyvilon.
 17901 | Lair:5   | Reached skill level 5 in Shields
 18002 | Lair:5   | Found a runed translucent door.
 18799 | Lair:5   | Reached skill level 10 in Shields
 19376 | Lair:6   | Entered Level 6 of the Lair of Beasts
 19992 | Lair:6   | Identified a scroll of acquirement
 20021 | Lair:5   | Acquired 654 gold pieces
 20043 | Lair:6   | Noticed Rupert
 20217 | Lair:6   | Found a staircase to the Slime Pits.
 20235 | Lair:6   | Reached XP level 15. HP: 103/103 MP: 17/22
 20420 | Lair:6   | Noticed Urug
 20447 | Lair:6   | Killed Urug
 20706 | Lair:6   | Noticed Snorg
 20717 | Lair:6   | Killed Snorg
 22012 | D:10     | Bought an amulet of reflection for 420 gold pieces
 22086 | D:12     | Noticed Azrael
 22093 | D:12     | Noticed Psyche
 22097 | D:12     | Killed Azrael
 22100 | D:12     | Killed Psyche
 22166 | D:12     | Found a gate leading to a gauntlet.
 22185 | Gauntlet | Entered a Gauntlet
 22185 | Gauntlet | Found a transporter.
 22185 | Gauntlet | Found a transporter.
 22187 | Gauntlet | Found a transporter.
 22190 | Gauntlet | Found a transporter.
 22231 | Gauntlet | Found a transporter.
 22235 | Gauntlet | Found a runed translucent door.
 22235 | Gauntlet | Found a runed translucent door.
 22242 | Gauntlet | Found a transporter.
 22246 | Gauntlet | Found a transporter.
 22254 | Gauntlet | Found a transporter.
 22271 | Gauntlet | Found a transporter.
 22285 | Gauntlet | Found a transporter.
 22297 | Gauntlet | Found a transporter.
 22318 | Gauntlet | Found a transporter.
 22426 | Gauntlet | Identified the ring "Ezysafo" {Ice Fly}
 22625 | Gauntlet | Identified the +2 hat "Reedent" {+Blink rF+++ Regen+
                  | Stlth-}
 22675 | Gauntlet | Identified the +3 giant spiked club of Dismemberment
                  | {flame, rC+ Stlth+}
 22678 | Gauntlet | Identified the +1 robe of the Morning {+Blink rPois Will+
                  | Str+3}
 22679 | Gauntlet | Got Ligal's Tome of Malediction and the Volcanoes
 22693 | Gauntlet | Identified the +2 short sword of Abomination {freeze,
                  | Contam rElec rPois rCorr}
 22816 | D:10     | Bought an amulet of regeneration for 420 gold pieces
 22978 | D:12     | Found a portal to a secret trove of treasure.
 23091 | D:12     | Noticed Erolcha
 23098 | D:12     | Killed Erolcha
 23099 | D:12     | Reached skill level 5 in Dodging
 24221 | D:14     | Reached XP level 16. HP: 57/109 MP: 23/23
 24981 | D:15     | Entered Level 15 of the Dungeon
 25242 | D:15     | Found a staircase to the Depths.
 25242 | D:15     | Noticed a fire giant
 25691 | D:15     | Found an opulent altar of Gozag.
 25734 | D:15     | Found the +6 Majin-Bo {vamp, MP+6 Int+6}
 27337 | D:15     | Killed a fire giant
 27480 | D:14     | Reached skill level 15 in Shields
 27659 | D:14     | Found a gate to the Vaults.
 27903 | Orc:1    | Entered Level 1 of the Orcish Mines
 28201 | Orc:1    | Found a bloodstained altar of Trog.
 28302 | Orc:2    | Entered Level 2 of the Orcish Mines
 28356 | Orc:2    | Noticed Maurice
 28362 | Orc:2    | Killed Maurice
 28385 | Orc:2    | Found a staircase to the Elven Halls.
 28653 | Orc:2    | Found Ycu Nianep's Weapon Emporium.
 28787 | Orc:2    | Found Coko's Magic Scroll Boutique.
 29115 | Orc:2    | Found Qimak's Antique Armour Emporium.
 29121 | Orc:2    | Found Zeefuvu's Antique Weapon Shoppe.
 29549 | Snake:1  | Entered Level 1 of the Snake Pit
 29549 | Snake:1  | Found a glowing silver altar of Zin.
 29824 | Snake:1  | Found a one-way gate to the infinite horrors of the Abyss.
 29849 | Snake:1  | Found a transporter.
 29923 | Snake:1  | Noticed Frances
 29944 | Snake:1  | Killed Frances
 30040 | Snake:1  | Reached XP level 17. HP: 115/115 MP: 24/24
 30120 | Snake:1  | Noticed Purues's ghost (journeyman MiFi)
 30121 | Snake:1  | Noticed a profane servitor
 30300 | Snake:1  | Found a transporter.
 30682 | Snake:2  | Noticed Nikola
 30682 | Snake:2  | Noticed Donald
 30683 | Snake:2  | Noticed Vashnia
 30851 | Snake:2  | Reached skill level 10 in Dodging
 30859 | Snake:2  | HP: 2/115 [Nikola/arc of chain lightning (22)]
 30861 | Snake:2  | You fall into a shaft and drop 1 floor!
 30861 | Snake:3  | Succumbed to a naga sharpshooter's splash of poison

Illustrated notes

Levels and vault maps discovered:
D:1:      dpeg_arrival_rooms_with_view, layout_loops_corners,
          shapermc_ecumenical_altar_pompeii
D:2:      layout_loops_ring, minmay_misc_feat_square, minmay_tromino_i2
D:3:      layout_basic, serial_shops, shop_statue, uniq_robin, uniq_sigmund,
          uniq_crazy_yiuf_cottage, uniq_jessica
D:4:      layout_basic, overflow_temple_1_default, minmay_misc_feat_ornament,
          saegor_snake_ambush
D:5:      layout_loops_ring, kennysheep_generic_room_7, uniq_duvessa, uniq_ijyb
D:6:      layout_basic, minmay_temple_entry_sparse_star, uniq_grinder,
          uniq_blork_the_orc
D:7:      layout_basic, uniq_joseph, uniq_maggie, uniq_menkaure
D:8:      minmay_imperfect_grid, layout_loops_corners, lemuel_tele_altar
D:9:      cheibrodos_helix_gallery, layout_basic
D:10:     layout_cross, serial_shops, kennysheep_little_box,
          minmay_misc_feat_rows
D:11:     layout_long_grid, david_lair_shrubbed, zombieorc1_lemuel,
          ebering_dispersal_statue_hall, nicolae_island_escapes
D:12:     layout_rooms, gauntlet_entry_generic, nicolae_trove_entry_diagonal,
          uniq_psyche, uniq_azrael, uniq_erolcha
D:13:     layout_grid_maze
D:14:     layout_gridville, grunt_vaults_entry_tiered,
          dreamdust_mushroom_princess, drop_trap
D:15:     grunt_enter_depths_giant_problem, layout_grid_maze,
          grunt_gozag_breadcrumbs
Temple:   mainiacjoe_temple_big_plus
Lair:1:   layout_gridlike, mumra_transporter_accident, grunt_megastairs_2,
          serial_bayou_shore_b, serial_bayou_shore_b
Lair:2:   layout_regular_city, serial_bayou, serial_bayou_shore_b,
          serial_bayou_shore_a, serial_bayou_pond_b, serial_bayou_lagoon_b,
          serial_bayou_pond_e, minivault_11, serial_bayou_shore_b,
          uniq_prince_ribbit2
Lair:3:   layout_roguey, elwin_shoals_entry_rooms, dreamdust_gnoll_shepherd,
          uniq_amaemon
Lair:4:   layout_regular_city, minmay_snake_entry_six_corridors,
          lightli_volcano_entry_magma_tube, uniq_sonja, uniq_nessos
Lair:5:   layout_cave_pods, basic_altar, pf_torpor_hydra, grunt_megastairs_4,
          serial_bayou_shore_b
Lair:6:   grunt_lair_end_beastmaster, layout_cave_pods,
          nicolae_slime_entry_slimehenge, grunt_megastairs_3, uniq_rupert,
          uniq_snorg, uniq_urug
Snake:1:  layout_honeycomb, gammafunk_ghost_abyssal_escape, basic_altar,
          uniq_frances
Snake:2:  layout_rooms, beargit_elvish_explorers, uniq_vashnia, uniq_nikola,
          uniq_donald
Snake:3:  layout_cave_shapes, basic_altar
Orc:1:    layout_caves, basic_altar, trog_butcher_becter
Orc:2:    grunt_orc_community_town_hall, layout_caves,
          grunt_orc_community_big_house_1, grunt_orc_community_big_house_1,
          grunt_orc_community_house_3, grunt_orc_community_house_1,
          grunt_orc_community_house_2, grunt_orc_community_house_2, uniq_maurice

Skill      XL: |  1  2  3  4  5  6  7  8  9 10 11 12 13 14 15 16 17 |
---------------+----------------------------------------------------+-----
Stealth        | 2 4 6 7 10 | 10.0
Crossbows      | 5 6 7 9 10 11 14 16 | 16.0
Fighting       | 6 9 10 | 10.0
Armour         | 7 10 11 12 13 14 | 14.1
Invocations    | 4 10 | 10.0
Shields        | 2 11 14 15 | 15.7
Dodging        | 5 9 10 | 10.0

Action                   |  1- 3 |  4- 6 |  7- 9 | 10-12 | 13-15 | 16-18 || total
-------------------------+-------+-------+-------+-------+-------+-------++-------
 Fire: Hand crossbow     |    73 |    59 |   189 |   536 |   256 |       ||  1113
       Arbalest          |       |       |       |       |   597 |   555 ||  1152
Throw: Dart              |       |     4 |     2 |     6 |     5 |     5 ||    22
Invok: Ancestor Life: Kn |       |       |     1 |       |       |       ||     1
       Recall Ancestor   |       |       |       |     2 |     2 |     5 ||     9
       Transference      |       |       |       |     1 |     4 |     3 ||     8
       Idealise          |       |       |       |       |     4 |     4 ||     8
 Abil: Dig               |       |     3 |       |       |       |     2 ||     5
       Shaft Self        |       |       |       |       |       |     1 ||     1
Evoke: Wand              |       |       |       |     3 |       |    10 ||    13
  Use: Scroll            |       |       |    11 |     9 |    11 |     3 ||    34
       Potion            |       |       |       |     1 |     1 |       ||     2
Armor: Leather armour    |     7 |     2 |     2 |    39 |    58 |    31 ||   139
Dodge: Dodged            |    11 |     9 |     6 |    48 |    82 |    64 ||   220
Block: Buckler           |       |       |       |       |    46 |    23 ||    69
       Kite shield       |       |       |       |       |       |    42 ||    42
       Reflection        |       |       |       |       |       |     4 ||     4

Table legend: (Time is in decaauts)
 A = Elapsed time spent in this place.
 B = Non-inter-level travel time spent in this place.
 C = Inter-level travel time spent in this place.
 D = Time resting spent in this place.
 E = Time spent auto-exploring this place.
 F = Levels seen in this place.
 G = Mean time per level.
                   A        B        C        D        E       F      G
               +--------+--------+--------+--------+--------+-----+--------+
         Total |  31073 |  29509 |   1564 |   6349 |  14924 |  28 | 1109.8 |
       Dungeon |  18376 |  17502 |    874 |   3538 |   9512 |  15 | 1225.1 |
        Temple |    426 |    389 |     37 |      0 |    375 |   1 |  426.0 |
          Lair |   9059 |   8618 |    441 |   2501 |   3869 |   6 | 1509.8 |
     Snake Pit |   1236 |   1118 |    118 |    200 |    568 |   3 |  412.0 |
  Orcish Mines |   1438 |   1345 |     93 |     10 |    595 |   2 |  719.0 |
      Gauntlet |    535 |    535 |      0 |    100 |      4 |   1 |  535.0 |
               +--------+--------+--------+--------+--------+-----+--------+

Top non-repeatable levels by time:
    D:15: 2461 daAuts
  Lair:6: 2274 daAuts
     D:8: 2053 daAuts
  Lair:5: 2051 daAuts
    D:11: 1791 daAuts
  Lair:4: 1420 daAuts
     D:6: 1308 daAuts
     D:3: 1299 daAuts
  Lair:1: 1291 daAuts
    D:14: 1219 daAuts
  Lair:2: 1210 daAuts
    D:10: 1210 daAuts
     D:4: 1193 daAuts
     D:1: 1177 daAuts
   Orc:2: 1126 daAuts
